AoeStats
← Nap0leoN

Arabia

510568666Analyzed
1v1 RM · 10h ago on Oct 1, 2026· 39m 10s· 2 players
Game mode
Random Map
Map size
Tiny (2 player)
Population
200
Speed
Normal
Resources
Standard
Victory
Conquest
Starting age
Dark Age
Ending age
Imperial Age
RankedLock teamsTeams togetherTeam positionsShared explorationLock speedFull tech treeHidden civsTurbo modeCheats
Victory
Defeat
🇫🇷 Tatars · France
1125
+14
🇨🇱 Persians · Chile
1091
-14
Gab.Knt
3:53 Loom
10:07 Feudal Age
10:34 Double-Bit Axe
20:22 Castle Age
19:02 Stone Mining
20:45 Bloodlines
21:27 Town Watch
24:24 Wheelbarrow
23:57 Husbandry
25:46 Town Patrol
27:10 Fletching
32:02 Horse Collar
39:04 Imperial Age
38:30 Fervor
38:54 Bow Saw
38:51 Heavy Plow
39:02 Bodkin Arrow
39:35 Hand Cart
Nap0leoN
9:38 Feudal Age
10:08 Double-Bit Axe
10:45 Loom
10:48 Loom
11:19 Horse Collar
20:18 Castle Age
18:44 Gold Mining
19:26 Fletching
19:57 Bloodlines
21:50 Bow Saw
21:44 Bodkin Arrow
25:41 Wheelbarrow
28:20 Husbandry
30:54 Ballistics
35:41 Imperial Age
34:33 Scale Barding Armor
34:38 Forging
35:29 Padded Archer Armor
36:06 Chain Barding Armor
37:34 Conscription
36:47 Elite Keshik
38:37 Plate Barding Armor
38:43 Bracer
40:20 Chemistry
Connection lost

Rejoining the realm…

Still unreachable

The connection could not be restored.

Session expired

The server has moved on; the page needs a fresh start.